 Dungeon Crawl Stone Soup version 0.31-a0-836-g3ceb0a68c4 (webtiles) character file.

Game seed: 1878472388802456371

77 Kurtz the Chopper (level 4, -1/31 HPs)
             Began as an Octopode Fighter on Sept 27, 2023.
             Slain by a gnoll
             ... wielding a +0 spear
              (6 damage)
             ... on level 3 of the Dungeon.
             The game lasted 00:00:46 (1687 turns).

Kurtz the Chopper (Octopode Fighter)                Turns: 1687, Time: 00:00:46

Health: -1/31      AC:  1    Str: 15    XL:     4   Next: 34%
Magic:  4/4        EV: 13    Int: 10    God:
Gold:   109        SH:  4    Dex: 13    Spells: 3/3 levels left

rFire   . . .        a - +0 war axe
rCold   . . .        b - +0 buckler
rNeg    . . .        (helmet restricted)
rPois   .            (no amulet)
rElec   .            (no ring)
rCorr   .            (no ring)
SInv    .            (no ring)
Will    .....        (no ring)
Stlth   ++           (no ring)
HPRegen 0.25/turn    (no ring)
MPRegen 0.09/turn    (no ring)
                     (no ring)

%: no passive effects
@: no status effects
A: almost no armour, amphibious, 8 rings, camouflage 1, gelatinous body 1,
(nimble swimmer 1), tentacles
a: no special abilities


You were on level 3 of the Dungeon.
You visited 1 branch of the dungeon, and saw 3 of its levels.

You collected 109 gold pieces.

Inventory:

Hand Weapons
 a - a +0 war axe (weapon)
Armour
 b - a +0 buckler (worn)
Jewellery
 l - a ring of flight
Scrolls
 d - a scroll of teleportation {unknown}
 e - 2 scrolls of identify {unknown}
 f - a scroll of poison {unknown}
 i - a scroll of enchant weapon {unknown}
 o - 2 scrolls of blinking {unknown}
 p - a scroll of torment {unknown}
 q - a scroll of fog {unknown}
Potions
 c - a potion of might
 g - 2 potions of enlightenment {unknown}
 h - a potion of magic {unknown}
 j - 2 potions of heal wounds {unknown}
 k - a potion of haste {unknown}
 m - a potion of curing {unknown}
 n - 2 potions of attraction {unknown}


   Skills:
 - Level 3.0 Fighting
 * Level 4.4 Axes
 - Level 3.0 Dodging
 - Level 3.0 Shields


You had 3 spell levels left.
You didn't know any spells.
Your spell library contained the following spells:

 Spells                   Type           Power      Damage    Failure   Level
 Summon Small Mammal      Summ           0%         N/A       45%         1
 Call Canine Familiar     Summ           0%         N/A       83%         3
 Summon Guardian Golem    Hex/Summ       0%         N/A       83%         3


Dungeon Overview and Level Annotations

Branches:
Dungeon (3/15)

Altars:


Innate Abilities, Weirdness & Mutations

You cannot wear most types of armour.
You are amphibious.
You can wear up to eight rings at the same time.
Your skin changes colour to match your surroundings (Stealth+).
Your rubbery body absorbs attacks. (AC +1, EV +1)
((You are camouflaged when in or above water. (Stealth+)))
You have tentacles for arms and can constrict up to eight enemies at once.


Message History

A gnoll comes into view. It is wielding a +0 spear.
There are monsters nearby!
The gnoll shouts!
There are monsters nearby!
A gnoll comes into view. It is wielding a +0 halberd.
There are monsters nearby!
The gnoll shouts! x2
You slash the gnoll! Your grab misses the gnoll.
The gnoll is severely wounded.
You hit the gnoll.
You kill the gnoll!
There are monsters nearby!
The gnoll hits you from afar with a +0 halberd!
There are monsters nearby!
The gnoll barely misses you.
The gnoll hits you from afar with a +0 spear.
There are monsters nearby!
You are too injured to fight recklessly!
There are monsters nearby!
You are too injured to fight recklessly!
There are monsters nearby!
You are too injured to fight recklessly!
You are too injured to fight recklessly!
You slash the gnoll!
You kill the gnoll!
The gnoll closely misses you. x2
The gnoll hits you with a +0 spear.
* * * LOW HITPOINT WARNING * * *
You see here a +0 halberd.
You barely miss the gnoll. You grab the gnoll. You constrict the gnoll.
The gnoll hits you with a +0 spear.
* * * LOW HITPOINT WARNING * * *
You hit the gnoll but do no damage. You squeeze the gnoll!
The gnoll is severely wounded.
You constrict the gnoll, but do no damage.
You block the gnoll's attack.
You hit the gnoll but do no damage. Your squeeze misses the gnoll.
The gnoll is severely wounded.
You constrict the gnoll. The gnoll hits you with a +0 spear.
You die...

#.# #.# .
#.## ##. ##.
#..# #.. #..
##.## #.#
... #<.##
#.# #.#
##..# #.#
#..#
##.###.##..#
#......@g#
##..).####
#$...#
#......
#.).####
#####


You could see a gnoll.

Vanquished Creatures
  2 gnolls (D:3)
  An adder (D:2)
  A dart slug (D:1)
  5 ball pythons
  3 bats
  5 endoplasms
  2 giant cockroaches
  4 goblins
  6 hobgoblins
  3 jackals (D:2)
  3 quokkas
  2 frilled lizards (D:2)
  2 kobolds
  3 rats
42 creatures vanquished.

Notes
Turn   | Place    | Note
-------+----------+-------------------------------------------
     0 | D:1      | Kurtz the Octopode Fighter began the quest for the Orb.
     0 | D:1      | Reached XP level 1. HP: 16/16 MP: 1/1
   144 | D:1      | Reached XP level 2. HP: 17/21 MP: 2/2
   276 | D:1      | Reached skill level 3 in Axes
   727 | D:2      | Reached XP level 3. HP: 23/26 MP: 3/3
  1025 | D:2      | Reached skill level 4 in Axes
  1649 | D:3      | Reached XP level 4. HP: 31/31 MP: 4/4
  1687 | D:3      | Slain by a gnoll

Illustrated notes

Levels and vault maps discovered:
D:1:      roderic_octagonal_star, layout_loops_ring
D:2:      layout_rooms, serial_co_window_serial, co_window_corner_a,
          co_window_corner_a, co_window_cross_1, co_window_paths_b,
          co_window_paths_a, co_window_paths_b, co_window_of_opportunity_a,
          co_window_unsneaky_path_d, co_window_of_opportunity_b,
          co_window_corner_b, co_window_4corner_b, co_window_4corner_a,
          glass_columns_a, glass_columns_b, glass_columns_a, glass_columns_b
D:3:      layout_rooms, grunt_dithmenos_smoke, vehumet_statue

Skill      XL: |  1  2  3 |
---------------+----------+-----
Axes           | 3 4 |  4.4
Fighting       | |  3.0
Dodging        | |  3.0
Shields        | |  3.0

Action                     |  1- 3 |  4- 6 || total
---------------------------+-------+-------++-------
  Melee: War axe           |    67 |     8 ||    75
         Tentacles         |    13 |     1 ||    14
         Constrict         |    12 |     2 ||    14
   Stab: Sleeping          |     8 |       ||     8
 Armour: Skin              |    19 |     5 ||    24
  Dodge: Dodged            |    35 |     4 ||    39
  Block: Buckler           |    10 |     2 ||    12

Table legend: (Time is in decaauts)
 A = Elapsed time spent in this place.
 B = Non-inter-level travel time spent in this place.
 C = Inter-level travel time spent in this place.
 D = Time resting spent in this place.
 E = Time spent auto-exploring this place.
 F = Levels seen in this place.
 G = Mean time per level.
                   A        B        C        D        E       F      G
               +--------+--------+--------+--------+--------+-----+--------+
         Total |   1714 |   1668 |     46 |      0 |   1405 |   3 |  571.3 |
       Dungeon |   1714 |   1668 |     46 |      0 |   1405 |   3 |  571.3 |
               +--------+--------+--------+--------+--------+-----+--------+

Top non-repeatable levels by time:
     D:2: 920 daAuts
     D:1: 732 daAuts
     D:3: 61 daAuts
